 Dungeon Crawl Stone Soup version 0.32-a0-841-g4648e6c457 (webtiles) character file.

Game seed: 6771580824757117224

1526 Fodor the Cleaver (level 8, -3/70 HPs)
             Began as a Minotaur Fighter on Mar 26, 2024.
             Was an Initiate of Gozag.
             Engulfed by a cloud of steam (6 damage)
             ... on level 7 of the Dungeon.
             The game lasted 00:12:54 (5266 turns).

Fodor the Cleaver (Minotaur Fighter)                Turns: 5266, Time: 00:12:55

Health: -3/70      AC:  7    Str: 23    XL:     8   Next: 55%
Magic:  7/7        EV:  9    Int:  5    God:    Gozag
Gold:   374        SH:  4    Dex: 10    Spells: 7/7 levels left

rFire   . . .        a - +0 war axe
rCold   . . .        c - +0 buckler
rNeg    . . .        b - +0 scale mail
rPois   .            (helmet currently unavailable)
rElec   .            h - melded +0 cloak
rCorr   .            x - melded +0 pair of gloves
SInv    .            B - melded +0 pair of boots
Will    .....        (no amulet) Stlth
                     (no ring)
HPRegen 0.31/turn    (no ring)
MPRegen 0.10/turn

%: no passive effects
@: beast-form, gold aura
A: beast (slay +1), horns 2, retaliatory headbutt
a: Begin Untransformation, Renounce Religion, Potion Petition, Call Merchant,
Bribe Branch


You were on level 7 of the Dungeon.
You worshipped Gozag.
Gozag was aware of your devotion.
You were a hulking beast.
You visited 1 branch of the dungeon, and saw 7 of its levels.

You collected 532 gold pieces.
You paid 158 gold pieces to Gozag.

Inventory:

Hand Weapons
 a - a +0 war axe (weapon)
Missiles
 E - a throwing net (quivered)
Armour
 b - a +0 scale mail (worn)
 c - a +0 buckler (worn)
 h - a +0 cloak (melded)
 x - a +0 pair of gloves (melded)
 B - a +0 pair of boots (melded)
Talismans
 r - a beast talisman (active)
Wands
 s - a wand of flame (51)
 z - a wand of mindburst (8)
Scrolls
 g - 2 scrolls of amnesia
 j - 3 scrolls of revelation
 l - 2 scrolls of enchant armour
 n - 2 scrolls of teleportation
 q - a scroll of acquirement
 w - a scroll of enchant weapon
 y - a scroll of brand weapon
 A - a scroll of blinking {unknown}
 C - 3 scrolls of identify
 D - 2 scrolls of fear {unknown}
Potions
 d - 2 potions of might
 e - 3 potions of brilliance
 f - 3 potions of berserk rage
 i - 3 potions of lignification
 m - a potion of ambrosia {unknown}
 p - a potion of attraction {unknown}
 t - a potion of heal wounds {unknown}
 u - a potion of mutation {unknown}
 v - 3 potions of curing {unknown}


   Skills:
 + Level 6.0 Fighting
 + Level 8.6 Axes
 + Level 6.8 Armour
 + Level 2.2 Dodging
 + Level 0.8 Stealth
 + Level 5.0 Shields
 + Level 2.4 Shapeshifting


You had 7 spell levels left.
You didn't know any spells.
Your spell library contained the following spells:

 Spells                   Type           Power      Damage    Failure   Level
 Call Imp                 Summ           0%         N/A       92%         2
 Sublimation of Blood     Necr           0%         N/A       92%         2
 Hailstorm                Conj/Ice       0%         3d5       99%         3
 Summon Ice Beast         Ice/Summ       0%         N/A       99%         3
 Permafrost Eruption      Ice/Erth       0%         2x4d2     100%        6
 Sculpt Simulacrum        Ice/Alch       0%         N/A       100%        6
 Summon Hydra             Summ           0%         N/A       100%        7


Dungeon Overview and Level Annotations

Branches:
Dungeon (7/15)             Temple (0/1) D:6

Altars:
Elyvilon
Gozag
Hepliaklqana
Nemelex Xobeh
Okawaru
Qazlal
Trog
Uskayaw

Shops:
D:1 (   D:2 !   D:4 (

Annotations:
D:3 1 runed translucent door, Crazy Yiuf


Innate Abilities, Weirdness & Mutations

You are a hulking beast.
Your limbs bulge with bestial killing power. (Slay +1)
You have a pair of horns on your head.
You reflexively headbutt those who attack you in melee.


Message History

Something hits you.
You miss something.
You are engulfed in a cloud of scalding steam.
Reactivating autopickup.
You feel a bit more experienced.
You hit the steam dragon.
The steam dragon is lightly wounded.
The steam dragon bites you. The steam dragon barely misses you.
You block the steam dragon's attack. The steam dragon closely misses you.
You slash the steam dragon!
The steam dragon is heavily wounded.
You block the steam dragon's attack. The steam dragon barely misses you.
You closely miss the steam dragon. Your headbutt misses the steam dragon.
The steam dragon is heavily wounded.
The steam dragon barely misses you. x2
You hit the steam dragon. You headbutt the steam dragon!
The steam dragon is severely wounded.
A bullfrog comes into view.
The orc is distracted by your dazzling golden aura.
The steam dragon breathes steam at you. The ball of steam hits you!!
The orc shouts!
You hear a bark!
You hear a shout! x3
You hit the steam dragon but do no damage.
Your headbutt misses the steam dragon.
The steam dragon is severely wounded.
You are engulfed in a cloud of scalding steam.
* * * LOW HITPOINT WARNING * * *
The steam dragon closely misses you. You furiously retaliate!
You headbutt the steam dragon!
You kill the steam dragon!
Your Fighting skill increases to level 6!
Your Shields skill increases to level 5!
It was a potion of cancellation.
You feel magically purged.
You are engulfed in a cloud of scalding steam.
* * * LOW HITPOINT WARNING * * *
You block the ice beast's attack.
It was a potion of magic.
Magic courses through your body.
You are engulfed in a cloud of scalding steam.
You die...
Your body crumbles into a pile of gold.

...... ..... .... ... .
... ... . .o ..# #.
o####..# ....
##.###Y##..##.....
##....$h##...#.....
#..........##....#
.#.....§...##.#.## .
#.....§.......... ..
...............#. ..####
.....§.........###...#.#
.#...§...§.......##.....
#.##§..§....[...#......
... #....#..............


You could see an ice beast, an orc priest and an orc.

Vanquished Creatures
  A steam dragon (D:7)
  A water moccasin (D:6)
  2 black bears (D:6)
  An ice beast (D:5)
  A sky beast (D:5)
  An ogre (D:4)
  A scorpion (D:5)
  6 hounds
  2 jellies
  An orc priest (D:4)
  2 sleepcaps
  Jessica (D:3)
  Ijyb (D:3)
  5 iguanas
  An orc wizard (D:5)
  Robin (D:3)
  4 gnolls (D:4)
  6 adders
  A white imp (D:6)
  5 ribbon worms
  4 dart slugs (D:3)
  13 orcs
  7 bats
  15 endoplasms
  4 giant cockroaches
  14 goblins
  10 hobgoblins
  6 kobolds
  A quokka (D:4)
  9 ball pythons
  4 frilled lizards
  2 rats
133 creatures vanquished.

Vanquished Creatures (others)
  An orc wizard (D:7)
  An orc (D:7)
2 creatures vanquished.

Grand Total: 135 creatures vanquished

Notes
Turn   | Place    | Note
-------+----------+-------------------------------------------
     0 | D:1      | Fodor the Minotaur Fighter began the quest for the Orb.
     0 | D:1      | Reached XP level 1. HP: 19/19 MP: 0/0
   120 | D:1      | Reached XP level 2. HP: 26/27 MP: 1/1
   128 | D:1      | Reached skill level 3 in Axes
   251 | D:1      | Found Wicoxt's Weapon Shop.
   400 | D:1      | Reached XP level 3. HP: 33/33 MP: 2/2
  1026 | D:2      | Found Ydimiqio's Distillery.
  1592 | D:3      | Noticed Robin
  1601 | D:3      | Reached XP level 4. HP: 40/40 MP: 3/3
  1608 | D:3      | Killed Robin
  1609 | D:3      | Reached skill level 4 in Axes
  1662 | D:3      | Noticed Ijyb
  1669 | D:3      | Killed Ijyb
  1903 | D:3      | Noticed Jessica
  1919 | D:3      | Killed Jessica
  1920 | D:3      | Reached XP level 5. HP: 36/46 MP: 4/4
  2324 | D:3      | Found a runed translucent door.
  2325 | D:3      | Noticed Crazy Yiuf
  2478 | D:4      | Found a hazy altar of Hepliaklqana.
  2483 | D:4      | Identified a scroll of acquirement
  2511 | D:4      | Reached skill level 1 in Shapeshifting
  2577 | D:4      | Noticed an ogre
  2583 | D:4      | Killed an ogre
  2584 | D:4      | Reached skill level 5 in Axes
  2584 | D:4      | Reached skill level 1 in Dodging
  2584 | D:4      | Reached XP level 6. HP: 53/53 MP: 5/5
  2620 | D:4      | Reached skill level 5 in Armour
  2627 | D:4      | Reached skill level 6 in Axes
  2787 | D:4      | Found Cosarud's Weapon Emporium.
  3072 | D:4      | Reached XP level 7. HP: 16/60 MP: 6/6
  3513 | D:5      | Entered Level 5 of the Dungeon
  3763 | D:5      | Found a sparkling altar of Nemelex Xobeh.
  3854 | D:5      | Reached skill level 7 in Axes
  3854 | D:5      | Found a stormy altar of Qazlal.
  3860 | D:5      | Reached skill level 5 in Fighting
  4321 | D:6      | Found an iron altar of Okawaru.
  4386 | D:6      | Reached XP level 8. HP: 69/69 MP: 7/7
  4593 | D:6      | Noticed a +0 hand axe
  4594 | D:6      | Found a hide-covered altar of Uskayaw.
  4594 | D:6      | Noticed a +0 dagger
  4691 | D:6      | Found a bloodstained altar of Trog.
  4702 | D:6      | Reached skill level 8 in Axes
  4891 | D:6      | Found a white marble altar of Elyvilon.
  5030 | D:6      | Found an opulent altar of Gozag.
  5040 | D:6      | Became a worshipper of Gozag Ym Sagoz the Greedy
  5159 | D:6      | Found a staircase to the Ecumenical Temple.
  5265 | D:7      | Reached skill level 5 in Shields
  5265 | D:7      | HP: 3/70 [something (11)]
  5266 | D:7      | Engulfed by a cloud of steam

Illustrated notes

Levels and vault maps discovered:
D:1:      lightli_arrival_lavapool, layout_loops_ring, serial_shops, shop,
          fountainhead, minmay_octomino_e4
D:2:      layout_basic, serial_shops, nicolae_shop_just_a_little_nook,
          serial_rivers, chequers_serial_rivers_micro_c,
          chequers_serial_rivers_small_b, chequers_serial_rivers_marsh,
          chequers_serial_rivers_small_b, chequers_serial_rivers_marsh
D:3:      layout_basic, uniq_jessica, uniq_crazy_yiuf_cottage, uniq_ijyb,
          uniq_robin
D:4:      layout_loops_ring, marbit_many_paths, serial_shops,
          nicolae_inconvenience_store, hangedman_abyss_or_decor_jellyfish_corner
D:5:      layout_gridville, nemelex_xobeh_ov_fountains_minmay,
          nicolae_qazlal_beasts_of_the_sky, chequers_serial_rivers_micro_d
D:6:      layout_layer_cave, amcnicky_altar_gilded, trog_ov_bears_minmay,
          nicolae_gozag_cash_rules_everything_around_me,
          dancing_weapons_uskayaw, elyvilon_altar_3,
          minmay_temple_entry_statues_fountains
D:7:      layout_cave_pools, mainiacjoe_overflow_brackets, uniq_joseph,
          uniq_jeremiah

Skill      XL: |  1  2  3  4  5  6  7  8 |
---------------+-------------------------+-----
Axes           | 3 4 5 6 7 8 |  8.6
Shields        | 4 5 |  5.0
Armour         | 4 5 6 |  6.8
Fighting       | 4 5 6 |  6.0
Shapeshifting  | 1 2 |  2.4
Dodging        | 1 2 |  2.2
Stealth        | |  0.8

Action                     |  1- 3 |  4- 6 |  7- 9 || total
---------------------------+-------+-------+-------++-------
  Melee: War axe           |   105 |   107 |    89 ||   301
         Headbutt          |    12 |    18 |    16 ||    46
    Use: Scroll            |       |     9 |     1 ||    10
         Potion            |       |       |     2 ||     2
 Armour: Scale mail        |    79 |    76 |    96 ||   251
  Dodge: Dodged            |    52 |    68 |    51 ||   171
  Block: Buckler           |    24 |    29 |    27 ||    80
   Form: Beast             |     1 |       |     1 ||     2
                           |       |       |     1 ||     1

Table legend: (Time is in decaauts)
 A = Elapsed time spent in this place.
 B = Non-inter-level travel time spent in this place.
 C = Inter-level travel time spent in this place.
 D = Time resting spent in this place.
 E = Time spent auto-exploring this place.
 F = Levels seen in this place.
 G = Mean time per level.
                   A        B        C        D        E       F      G
               +--------+--------+--------+--------+--------+-----+--------+
         Total |   5358 |   5271 |     87 |      0 |   3627 |   7 |  765.4 |
       Dungeon |   5358 |   5271 |     87 |      0 |   3627 |   7 |  765.4 |
               +--------+--------+--------+--------+--------+-----+--------+

Top non-repeatable levels by time:
     D:4: 1141 daAuts
     D:2: 935 daAuts
     D:6: 906 daAuts
     D:3: 843 daAuts
     D:5: 814 daAuts
     D:1: 671 daAuts
     D:7: 46 daAuts
